 Dungeon Crawl Stone Soup version 0.31-a0-232-gb1c03b2570 (webtiles) character file.

Game seed: 7052167301357014769

5 qw the Shooter (level 1, 0/16 HPs)
             Began as a Minotaur Hexslinger on July 7, 2023.
             Slain by a jackal (2 damage)
             ... on level 1 of the Dungeon.
             The game lasted 00:00:03 (99 turns).

qw the Shooter (Minotaur Hexslinger)                  Turns: 99, Time: 00:00:04

Health: 0/16       AC:  2    Str: 12    XL:     1   Next: 66%
Magic:  1/1        EV: 12    Int: 10    God:
Gold:   14         SH:  0    Dex: 12    Spells: 1/2 levels left

rFire   . . .        a - +1 sling
rCold   . . .        (no shield)
rNeg    . . .        c - +0 robe
rPois   .            (helmet restricted)
rElec   .            (no cloak)
rCorr   .            (no gloves)
SInv    .            (no boots)
Will    .....        (no amulet)
Stlth   +            (no ring)
HPRegen 0.22/turn    (no ring)
MPRegen 0.07/turn

%: no passive effects
@: no status effects
A: horns 2, retaliatory headbutt
a: no special abilities


You were on level 1 of the Dungeon.
You visited 1 branch of the dungeon, and saw 1 of its levels.

You collected 14 gold pieces.


Innate Abilities, Weirdness & Mutations

You have a pair of horns on your head.
You reflexively headbutt those who attack you in melee.


   Skills:
 - Level 1.2 Fighting
 + Level 2.8 Ranged Weapons
 - Level 2.1 Dodging
 - Level 1.0 Spellcasting
 - Level 2.0 Hexes


You had one spell level left.
You knew the following spells:

 Your Spells              Type           Power      Damage    Failure   Level
a - Slow                  Hex            16%        N/A       16%         1

Your spell library contained the following spells:

 Spells                   Type           Power      Damage    Failure   Level
 Inner Flame              Hex/Fire       2%         N/A       56%         3
 Portal Projectile        Hex/Tloc       4%         N/A       56%         3
 Cause Fear               Hex            2%         N/A       83%         4

Inventory:

Hand Weapons
 a - a +1 sling (weapon)
Armour
 c - a +0 robe (worn)
Scrolls
 b - a scroll of poison
 d - a scroll of amnesia {unknown}
 e - a scroll of teleportation {unknown}
 f - a scroll of fog {unknown}

Dungeon Overview and Level Annotations

Branches:
Dungeon (1/15)

Altars:


Message History

The sling bullet hits the jackal.
The jackal is heavily wounded.
A jackal comes into view.
You shoot a sling bullet.
The sling bullet barely misses the jackal.
The jackal barks!
A jackal comes into view.
You shoot a sling bullet. The sling bullet hits the jackal.
The jackal is almost dead.
The jackal closely misses you.
You shoot a sling bullet. The sling bullet hits the jackal.
You kill the jackal!
You shoot a sling bullet.
The sling bullet closely misses the jackal.
The jackal misses you. The jackal bites you.
You shoot a sling bullet.
The sling bullet closely misses the jackal.
The jackal closely misses you.
The jackal bites you but does no damage.
The jackal barely misses you.
You shoot a sling bullet.
The sling bullet closely misses the jackal.
The jackal bites you.
The jackal bites you but does no damage.
The jackal bites you. x2; The jackal barely misses you.
The jackal bites you.
You shoot a sling bullet.
The sling bullet closely misses the jackal.
The jackal barely misses you. The jackal bites you.
The jackal bites you but does no damage.
The jackal misses you. The jackal bites you.
The jackal bites you but does no damage.
You shoot a sling bullet. The sling bullet hits the jackal.
The jackal is almost dead.
The jackal bites you. The jackal closely misses you. x2
You furiously retaliate!
You headbutt the jackal. The jackal closely misses you. The jackal bites you.
You shoot a sling bullet.
The sling bullet barely misses the jackal.
The jackal bites you.
You die...

...............######
....#..#.##..........
##..#..#.##.#.#######
....................#
....#.##......#####.#
....# ..............#
....# ##.........##.#
....#.##..##:.##.#
...............h@#
....#.##...#...hh.....#
##.## #...#..#..##...#
##.# ..........# ..#
..... ........... .#
##.## ..#.....# # ..
........# .... ......#.
##.#


You could see 3 jackals.

Vanquished Creatures
  An endoplasm (D:1)
  A jackal (D:1)
  A quokka (D:1)
  A ball python (D:1)
  A rat (D:1)
5 creatures vanquished.

Notes
Turn   | Place    | Note
-------+----------+-------------------------------------------
     0 | D:1      | qw the Minotaur Hexslinger began the quest for the Orb.
     0 | D:1      | Reached XP level 1. HP: 16/16 MP: 1/1
     0 | D:1      | 0 ||| qw: Version: 0.3-a-46-gb1f654a
     0 | D:1      | 0 ||| qw: Game counter: 2267
     0 | D:1      | 0 ||| qw: Melee chars always use a shield: true
     0 | D:1      | 0 ||| qw: God list: Okawaru
     0 | D:1      | 0 ||| qw: Allow faded altars: false
     0 | D:1      | 0 ||| qw: Do Orc after clearing Dungeon:15 true
     0 | D:1      | 0 ||| qw: Do second Lair branch before Depths: true
     0 | D:1      | 0 ||| qw: Lair rune preference: random
     0 | D:1      | 0 ||| qw: Goals: Normal
     0 | D:1      | 0 ||| PLANNING D:1-11
    98 | D:1      | HP: 2/16 [jackal (3)]
    99 | D:1      | Slain by a jackal

Levels and vault maps discovered:
D:1:      amcnicky_arrival_choice, layout_basic, serial_shops,
          nicolae_shop_pleasant_corner_grove, kennysheep_flooded_box

Action                     || total
---------------------------++-------
   Fire: Sling             ||    21
 Armour: Robe              ||     5
  Dodge: Dodged            ||    15

Table legend:
 A = Non-vault XP
 B = Vault XP
 C = Vault XP percentage of total XP
 D = Non-vault monster count
 E = Vault monster count
 F = Vault count percentage of total count
                 A         B        C        D         E       F
            +---------+---------+-------+---------+---------+-------
      Total |       8 |       0 |   0.0 |       5 |       0 |   0.0
            +---------+---------+-------+---------+---------+-------
        D:1 |       8 |       0 |   0.0 |       5 |       0 |   0.0
            +---------+---------+-------+---------+---------+-------
